AoeStats
← octaca01

Arabia

508015890Analyzed
1v1 RM · 12d ago on Sep 20, 2026· 21m 39s· 2 players
Game mode
Random Map
Map size
Tiny (2 player)
Population
200
Speed
Normal
Resources
Standard
Victory
Conquest
Starting age
Dark Age
Ending age
Imperial Age
RankedLock teamsTeams togetherTeam positionsShared explorationLock speedFull tech treeHidden civsTurbo modeCheats
Victory
Defeat
🇨🇦 Italians · Canada
640
+18
🇦🇷 Celts · Argentina
676
-18
InukWoman
0:26 Loom
11:30 Feudal Age
16:13 Fletching
20:02 Castle Age
18:05 Padded Archer Armor
octaca01
8:54 Loom
11:04 Feudal Age
12:09 Horse Collar
12:40 Man-at-Arms
15:31 Forging
19:27 Double-Bit Axe
Connection lost

Rejoining the realm…

Still unreachable

The connection could not be restored.

Session expired

The server has moved on; the page needs a fresh start.